Map: Ephemeron LE

Players

DisK - Winner!

  • Race: Protoss Protoss
  • League: Grandmaster
  • Spawn Location: 5:00

VOD

Have the link to the VOD?

Description

Time

  • Played on: Dec. 8, 2019, 2:49 p.m.
  • Length: 11:51
Show
View Real Time Build Order
Export as new Build Order

DisK Protoss - Winner!

Build Orders: 1 Gate Expand, Colossus Rush 

Get SALT Encoding   

  12  0:02  Probe  
  12  0:14  Probe  
  12  0:17  Pylon  
  12  0:26  Probe (Chrono Boost)  
  12  0:36  Gateway  
  12  0:38  Probe (Chrono Boost)  
  12  0:47  Probe (Chrono Boost), Assimilator  
  12  0:52  Probe  
  12  1:04  Probe  
  12  1:16  Probe  
  12  1:24  Nexus  
  12  1:35  Cybernetics Core  
  12  1:38  Probe  
  12  1:43  Assimilator  
  12  1:50  Probe  
  12  1:54  Pylon  
  12  2:02  Probe  
  12  2:09  Adept (Chrono Boost)  
  12  2:12  Warp Gate  
  12  2:14  Probe  
  12  2:26  Probe (Chrono Boost)  
  12  2:30  Stalker (Chrono Boost)  
  12  2:33  Robotics Facility  
  12  2:37  Probe (Chrono Boost)  
  12  2:45  Probe (Chrono Boost)  
  12  2:46  Probe (Chrono Boost)  
  12  2:52  Sentry, Probe x2 (Chrono Boost)  
  12  3:02  Pylon  
  12  3:04  Probe x2  
  12  3:16  Probe  
  12  3:17  Gateway  
  12  3:19  Gateway  
  12  3:22  Observer (Chrono Boost)  
  12  3:23  Probe  
  12  3:28  Probe  
  12  3:35  Probe  
  12  3:37  Assimilator x2  
  12  3:41  Probe, Robotics Bay  
  12  3:42  Observer  
  12  3:48  Probe  
  12  3:53  Pylon, Probe  
  12  3:59  Forge  
  12  4:00  Probe (Chrono Boost)  
  12  4:05  Observer  
  12  4:09  Probe (Chrono Boost)  
  12  4:15  Stalker x2  
  12  4:16  Adept  
  12  4:18  Probe (Chrono Boost)  
  12  4:20  Probe (Chrono Boost)  
  12  4:23  Protoss Ground Weapons Level 1 (Chrono Boost)  
  12  4:25  Probe x2 (Chrono Boost)  
  12  4:26  Pylon  
  12  4:41  Colossus (Chrono Boost)  
  12  4:49  Pylon  
  12  4:52  Extended Thermal Lance  
  12  5:00  Nexus  
  12  5:04  Pylon  
  12  5:05  Probe  
  12  5:07  Probe  
  12  5:16  Stalker  
  12  5:24  Colossus (Chrono Boost)  
  12  5:29  Gateway  
  12  5:30  Gateway  
  12  5:35  Gateway  
  12  5:36  Sentry  
  12  5:43  Twilight Council, Probe  
  12  5:44  Probe  
  12  5:47  Sentry  
  12  5:56  Probe x2  
  12  6:00  Pylon  
  12  6:08  Probe x2  
  12  6:09  Colossus (Chrono Boost)  
  12  6:10  Pylon  
  12  6:14  Probe  
  12  6:16  Charge (Chrono Boost)  
  12  6:18  Observer  
  12  6:20  Probe x2  
  12  6:22  Zealot x2  
  12  6:26  Probe  
  12  6:30  Forge  
  12  6:33  Probe x2  
  12  6:36  Protoss Ground Armor Level 1 (Chrono Boost)  
  12  6:37  Pylon  
  12  6:41  Probe  
  12  6:45  Probe  
  12  6:48  Gateway  
  12  6:49  Pylon  
  12  6:50  Gateway  
  12  6:52  Sentry  
  12  6:53  Sentry  
  12  6:54  Stalker  
  12  6:56  Probe x2  
  12  7:00  Colossus (Chrono Boost)  
  12  7:06  Assimilator  
  12  7:07  Assimilator  
  12  7:17  Probe x2  
  12  7:18  Probe  
  12  7:19  Zealot x2  
  12  7:24  Zealot x2  
  12  7:25  Zealot  
  12  7:27  Zealot  
  12  7:34  Robotics Facility, Protoss Ground Weapons Level 2 (Chrono Boost)  
  12  7:38  Pylon  
  12  7:45  Templar Archives  
  12  7:50  Pylon  
  12  7:55  Blink, Warp Prism (Chrono Boost)  
  12  7:59  Zealot x3  
  12  8:05  Pylon  
  12  8:06  Pylon  
  12  8:15  Pylon  
  12  8:20  Nexus  
  12  8:22  Pylon  
  12  8:25  Psionic Storm  
  12  8:27  Stalker x4  
  12  8:30  Stalker  
  12  8:37  High Templar x2, Protoss Ground Armor Level 2 (Chrono Boost)  
  12  8:49  Pylon  
  12  8:55  High Templar, Gateway  
  12  8:56  Zealot x2, Gateway  
  12  9:09  Immortal  
  12  9:11  Immortal  
  12  9:17  Probe  
  12  9:20  Zealot x2  
  12  9:21  Zealot  
  12  9:25  Zealot x2  
  12  9:29  Zealot  
  12  9:35  High Templar  
  12  9:36  High Templar  
  12  9:42  High Templar  
  12  9:50  Gateway  
  12  9:53  Gateway  
  12  9:54  Pylon, Gravitic Boosters (Chrono Boost)  
  12  9:58  Pylon  
  12  10:04  Assimilator  
  12  10:05  Assimilator  
  12  10:07  Shield Battery, Disruptor  
  12  10:09  Photon Cannon  
  12  10:10  Disruptor  
  12  10:26  Dark Shrine  
  12  10:31  High Templar  
  12  10:37  Zealot x2  
  12  10:46  Stargate x2  
  12  11:00  Nexus  
  12  11:02  Pylon  
  12  11:06  Assimilator  
  12  11:10  Assimilator  
  12  11:13  Pylon  
  12  11:19  Stalker  
  12  11:27  Shield Battery, Photon Cannon  
  12  11:33  Fleet Beacon  
  12  11:38  Gateway  
  12  11:39  Gateway  
Tags
 
Add a new tag
Caveats
  • Supply blocks, unpowered buildings, or Contaminate may cause inaccurate times.
  • Supply counts are checked every 10 seconds.